 Dungeon Crawl Stone Soup version 0.29-a0-398-ge13fd1374b (webtiles) character file.

Game seed: 17118074304115165823

11118 freelancePsychic the Jinx (level 11, -16/87 HPs)
             Began as a Vampire Conjurer on May 13, 2022.
             Was a Priest of Wu Jian.
             Demolished by a skeletal warrior
             ... wielding a +0 halberd
              (27 damage)
             ... on level 12 of the Dungeon.
             The game lasted 00:29:38 (11544 turns).

freelancePsychic the Jinx (Vampire Conjurer)       Turns: 11544, Time: 00:29:38

Health: -16/87     AC: 10    Str:  6    XL:     11   Next: 45%
Magic:  20/23      EV: 12    Int: 25    God:    Wu Jian [***...]
Gold:   617        SH:  0    Dex: 13    Spells: 8/15 levels left

rFire   + . .      SeeInvis +   a - +4 dagger (speed)
rCold   . . .      Faith    .   (no shield)
rNeg    . . .      Spirit   .   L - +0 troll leather armour
rPois   .          Reflect  .   (no helmet)
rElec   .          Harm     .   x - +2 cloak
rCorr   .          Rampage  .   g - +1 pair of gloves
Will    +....                   q - +0 pair of boots
Stlth   +++++.....              (no amulet)
HPRegen 1.24/turn               c - ring of magical power
MPRegen 0.18/turn               s - ring of protection from fire

@: healing quickly, slowed, very slow
A: alive, fangs 3, see invisible, vampiric 2
a: Exsanguinate, Renounce Religion, Wall Jump, Serpent's Lash


You were on level 12 of the Dungeon.
You worshipped Wu Jian.
Wu Jian was most pleased with you.
You visited 1 branch of the dungeon, and saw 12 of its levels.
You also visited: Ossuary.

You collected 617 gold pieces.

Inventory:

Hand Weapons
 a - a +4 dagger of speed (weapon)
Armour
 g - a +1 pair of gloves (worn)
 q - a +0 pair of boots (worn)
 u - the +1 robe "Ingoebai" {rC+ rN+ Will-}
   (You found it on level 5 of the Dungeon)

   rC:        It protects you from cold.
   rN:        It protects you from negative energy.
   Will:      It decreases your willpower.
 x - a +2 cloak (worn)
 F - +0 acid dragon scales
 L - a +0 troll leather armour (worn)
Jewellery
 c - a ring of magical power (left hand)
 j - a ring of resist corrosion
 s - a ring of protection from fire (right hand)
 H - a ring of ice
 K - a +6 ring of intelligence
Wands
 t - a wand of iceblast (5)
 v - a wand of paralysis (8)
 z - a wand of digging (4)
 C - a wand of acid (5)
 D - a wand of mindburst (4)
 G - a wand of charming (9)
 N - a wand of flame (7)
Scrolls
 h - 4 scrolls of blinking
 k - 3 scrolls of vulnerability
 m - 6 scrolls of teleportation {@r4}
 r - 2 scrolls of fear
 y - a scroll of torment
 A - 3 scrolls of noise
 M - a scroll of silence
Potions
 b - 3 potions of magic
 d - a potion of might
 e - 3 potions of mutation
 f - 2 potions of ambrosia
 i - 5 potions of heal wounds {@q2}
 l - 2 potions of invisibility {unknown}
 n - 2 potions of degeneration {unknown}
 o - 2 potions of haste {unknown}
 p - 2 potions of brilliance {unknown}
 w - 3 potions of attraction {unknown}
 B - 3 potions of curing {unknown}
 I - 3 potions of lignification {unknown}
 J - a potion of flight {unknown}
 O - a potion of resistance {unknown}


   Skills:
 + Level 8.4 Fighting
 - Level 8.3 Short Blades
 + Level 3.8 Dodging
 + Level 13.0 Stealth
 - Level 2.5 Spellcasting
 - Level 4.6 Conjurations
 - Level 13.3 Hexes


You had 8 spell levels left.
You knew the following spells:

 Your Spells              Type           Power      Damage    Failure   Level
a - Magic Dart            Conj           100%       1d8       2%          1
b - Searing Ray           Conj           52%        2d6       3%          2
d - Fulminant Prism       Conj/Hex       24%        3d13      4%          4

Your spell library contained the following spells:

 Spells                   Type           Power      Damage    Failure   Level
 Dazzling Flash           Conj/Hex       96%        N/A       1%          3
 Sandblast                Erth           6%         2d5       17%         1
 Stone Arrow              Conj/Erth      28%        3d8       19%         3
 Passwall                 Tmut/Erth      2%         N/A       26%         2
 Iskenderun's Mystic Bla  Conj/Tloc      14%        2d5       54%         4


Dungeon Overview and Level Annotations

Branches:
Dungeon (12/15)            Temple (0/1) D:7            Lair (0/6) D:10
Ossuary (visited)
    Orc: D:9-12

Altars:
Cheibriados
Dithmenos
Elyvilon
Fedhas
Kikubaaqudgha
Makhleb
Qazlal
Wu Jian
Yredelemnul

Shops:
D:1 *   D:7 :

Annotations:
D:7 2 transporters, HendSelp's ghost, novice HuMo
D:8 1 runed translucent door


Innate Abilities, Weirdness & Mutations

Your natural rate of healing is accelerated.
You have razor-sharp teeth.
You have supernaturally acute eyesight. (SInv)
You are afflicted with vampirism and can become a bat while bloodless.


Message History

The wraith hits you.
You closely miss the wraith.
The wraith is heavily damaged.
You hit the wraith.
The wraith is severely damaged.
The wraith hits you. The wraith drains your vigour!
You feel yourself slow down.
You spin and attack the wraith repeatedly.
You hit the wraith but do no damage.
The wraith is severely damaged.
You hit the wraith but do no damage. You bite the wraith, but do no damage.
The wraith is severely damaged.
The wraith misses you. The wraith attacks as you move away!
The wraith hits you.
Found a stone staircase leading down.
The wraith misses you. The wraith attacks as you move away!
The wraith closely misses you.
Casting: Fulminant Prism (dangerous; 4% risk of failure)
Confirm with . or Enter, or press ? or * to list all spells.
Aiming: Fulminant Prism (dangerous; 4% risk of failure)
Press: ? - help, Dir - move target You conjure a prism of explosive energy!
A fulminant prism comes into view.
The wraith barely misses you. The wraith hits you but does no damage.
You closely miss the wraith.
The wraith is severely damaged.
The wraith attacks as you move away! The wraith barely misses you.
The skeletal warrior hits you from afar with a +0 halberd!
You hear a loud crackle.
The skeletal warrior hits you from afar with a +0 halberd!!
You hear an explosion!
The blast of energy engulfs the wraith!!
You destroy the wraith!
The Council accepts your kill.
Your Stealth skill increases to level 13!
The skeletal warrior hits you from afar with a +0 halberd!!
* * * LOW HITPOINT WARNING * * *
The skeletal warrior hits you from afar with a +0 halberd!
* * * LOW HITPOINT WARNING * * *
The skeletal warrior hits you from afar with a +0 halberd!!
You die...

#. #.# #.# #.#
#.#
#.#########...
#*##..@..>....
#...........##
#.##z######.#
#....# #.##.#
## #.##.# .
#<##.#.#
#.##.#.###.
#..........


You could see a skeletal warrior.

Vanquished Creatures
  Fannar (D:11)
  A hydra (D:10)
  A two-headed ogre (D:11)
  Pikel (D:7)
  A cyclops (D:11)
  Maurice (D:11)
  Maggie (D:7)
  A komodo dragon (D:12)
  An unseen horror (D:11)
  A troll (D:9)
  Prince Ribbit (D:7)
  5 slime creatures
  A shadow (D:10)
  A wyvern (D:7)
  3 wraiths
  A yak (D:10)
  2 basilisks (D:11)
  A steam dragon (D:8)
  A vampire mosquito (D:8)
  2 acid dragons (D:11)
  2 orc warriors
  A sky beast (D:6)
  A black bear (D:9)
  4 ice beasts
  2 ogres (D:6)
  5 boggarts (D:10)
  2 centaurs
  A lemure (D:7)
  2 kobold brigands (D:9)
  7 bullfrogs
  3 necrophages
  4 scorpions
  3 wights (Ossuary)
  9 killer bees
  3 howler monkeys (D:9)
  A jelly (D:8)
  6 orc priests
  3 hounds
  5 centaur zombies (D:9)
  A gnoll shaman (D:6)
  A human zombie (D:9)
  Jessica (D:2)
  5 iguanas
  11 orc wizards
  2 howler monkey zombies (D:9)
  2 mummies (D:9)
  3 gnolls (D:6)
  5 adders
  A shadow imp (D:6)
  A white imp (D:7)
  4 worms
  3 dart slugs
  38 orcs
  A bat (D:1)
  8 endoplasms
  4 giant cockroaches
  7 goblins
  11 hobgoblins
  12 jackals
  3 quokkas
  8 ball pythons
  A ball python skeleton (Ossuary)
  A frilled lizard (D:3)
  A hobgoblin skeleton (Ossuary)
  2 hobgoblin zombies (Ossuary)
  17 kobolds
  2 kobold zombies (Ossuary)
  An orc skeleton (Ossuary)
  2 orc zombies (Ossuary)
  5 rats
  2 butterflies (D:8)
258 creatures vanquished.

Vanquished Creatures (collateral kills)
  A scorpion (D:8)
  A giant cockroach (D:8)
2 creatures vanquished.

Vanquished Creatures (others)
  A scorpion (D:8)
  A killer bee (D:8)
  53 fulminant prisms
  21 fungi (D:10)
  19 plants
95 creatures vanquished.

Grand Total: 355 creatures vanquished

Notes
Turn   | Place    | Note
-------+----------+-------------------------------------------
     0 | D:1      | freelancePsychic the Vampire Conjurer began the quest for
                  | the Orb.
     0 | D:1      | Reached XP level 1. HP: 13/13 MP: 3/3
   224 | D:1      | Found Musmur's General Store.
   275 | D:1      | Reached XP level 2. HP: 20/20 MP: 5/5
   461 | D:1      | Found a faded altar of an unknown god.
   596 | D:1      | Learned a level 2 spell: Searing Ray
   665 | D:1      | Reached skill level 1 in Fighting
  1202 | D:1      | Gained mutation: You are afflicted with vampirism and can
                  | become a bat while bloodless. [Vampire growth]
  1202 | D:1      | Reached XP level 3. HP: 26/26 MP: 6/6
  1311 | D:2      | Noticed Jessica
  1318 | D:2      | Killed Jessica
  1319 | D:2      | Reached skill level 1 in Short Blades
  1636 | D:2      | Reached XP level 4. HP: 32/32 MP: 7/7
  1738 | D:2      | Found a basalt altar of Yredelemnul.
  2420 | D:3      | Reached skill level 5 in Stealth
  2421 | D:3      | Reached XP level 5. HP: 38/38 MP: 8/8
  2987 | D:4      | Found an ornate altar of the Wu Jian Council.
  3039 | D:4      | Reached skill level 1 in Hexes
  3149 | D:4      | Learned a level 4 spell: Fulminant Prism
  3239 | D:4      | Reached XP level 6. HP: 40/44 MP: 9/9
  3323 | D:4      | Found a stormy altar of Qazlal.
  3390 | D:4      | Found a blossoming altar of Fedhas.
  3717 | D:4      | Became a worshipper of the Wu Jian Council
  3733 | D:5      | Entered Level 5 of the Dungeon
  3859 | D:5      | Found a snail-covered altar of Cheibriados.
  3993 | D:5      | Identified the +1 robe "Ingoebai" {rC+ rN+ Will-}
  4945 | D:6      | Reached XP level 7. HP: 51/51 MP: 10/10
  4971 | D:6      | Reached skill level 5 in Hexes
  5288 | D:6      | Reached * piety under Wu Jian
  5452 | D:6      | Reached XP level 8. HP: 56/60 MP: 11/11
  6565 | D:7      | Noticed Prince Ribbit
  6575 | D:7      | Killed Prince Ribbit
  6576 | D:7      | Reached skill level 5 in Fighting
  6576 | D:7      | Reached XP level 9. HP: 51/68 MP: 12/12
  6624 | D:7      | Found Ceguiggaups's Book Boutique.
  6675 | D:7      | Found a sand-covered staircase.
  6683 | Ossuary  | Entered an ossuary
  6755 | Ossuary  | Reached ** piety under Wu Jian
  6844 | Ossuary  | Reached skill level 10 in Hexes
  7068 | D:7      | Found a staircase to the Ecumenical Temple.
  7222 | D:7      | Noticed Maggie
  7227 | D:7      | Killed Maggie
  7228 | D:7      | Reached skill level 5 in Short Blades
  7228 | D:7      | Found a transporter.
  7241 | D:7      | Noticed HendSelp's ghost (novice HuMo)
  7291 | D:7      | Found a transporter.
  7297 | D:7      | Identified the +0 ring mail "Cachupt" {+Blink +Inv Regen+
                  | Dex-3}
  7297 | D:7      | Identified the +2 buckler "Suzani" {rElec Will+}
  7376 | D:7      | Noticed Pikel
  7393 | D:7      | Killed Pikel
  7469 | D:7      | Found a shadowy altar of Dithmenos.
  8255 | D:8      | Found a runed translucent door.
  8257 | D:8      | Found a runed translucent door.
  8280 | D:8      | Reached XP level 10. HP: 76/77 MP: 13/13
  8305 | D:8      | Reached *** piety under Wu Jian
  8939 | D:9      | Reached skill level 10 in Stealth
  8975 | D:9      | Found an ancient bone altar of Kikubaaqudgha.
  9042 | D:9      | Found a burning altar of Makhleb.
  9327 | D:10     | Entered Level 10 of the Dungeon
  9334 | D:10     | Found a staircase to the Lair.
  9940 | D:10     | Noticed a four-headed hydra
  9954 | D:10     | Killed a four-headed hydra
 10365 | D:11     | Noticed Maurice
 10367 | D:11     | Killed Maurice
 10370 | D:11     | Noticed a two-headed ogre
 10377 | D:11     | Noticed a cyclops
 10441 | D:11     | Reached XP level 11. HP: 85/85 MP: 14/14
 10696 | D:11     | Noticed Fannar
 10697 | D:11     | Killed Fannar
 10778 | D:11     | Identified the +10 short sword "Transmigrator" {chaos, rN+
                  | Str-3 Int+2 Dex+2}
 10859 | D:11     | Killed a two-headed ogre
 11488 | D:12     | Noticed a skeletal warrior
 11544 | D:12     | Demolished by a skeletal warrior

Illustrated notes

Levels and vault maps discovered:
D:1:      scummos_arrival_simple_crosswalls, layout_basic, serial_shops,
          nicolae_square_shop, chequers_ecumenical_altar_lobes
D:2:      layout_basic, basic_altar, uniq_jessica
D:3:      layout_basic
D:4:      layout_rooms, nicolae_qazlal_scattered_showers,
          mainiacjoe_overflow_tiny_flanked, mainiacjoe_overflow_24_doors,
          grunt_decor_junction
D:5:      layout_basic, cheibrodos_worm_habitat
D:6:      layout_basic
D:7:      layout_rooms, amethyst_overflow_temple_binary,
          minmay_temple_entry_gardened_gates,
          nicolae_ossuary_entry_false_entrances, gammafunk_ghost_gnarly_gnolls,
          serial_shops, nicolae_lakefront_shop, kennysheep_generic_room_9,
          uniq_maggie, uniq_pikel, uniq_prince_ribbit1
D:8:      lemuel_insect_pit, layout_gridville
D:9:      layout_small_grid, general_overflow_altar,
          lemuel_mausoleum_altar_kikubaaqudgha
D:10:     layout_rooms, grunt_lair_entry_orc_guard_hut
D:11:     layout_loops_ring, uniq_fannar, uniq_maurice
D:12:     layout_loops_ring, orc_0_dummy, gauntlet_entry_generic

Skill      XL: |  1  2  3  4  5  6  7  8  9 10 11 |
---------------+----------------------------------+-----
Conjurations   | 3 4 |  4.6
Fighting       | 1 2 3 5 6 7 8 |  8.4
Stealth        | 4 5 7 9 11 13 | 13.0
Short Blades   | 1 2 3 4 6 7 8 |  8.3
Hexes          | 2 4 7 9 11 12 13 | 13.3
Dodging        | 3 |  3.8
Spellcasting   | |  2.5

Action                   |  1- 3 |  4- 6 |  7- 9 | 10-12 || total
-------------------------+-------+-------+-------+-------++-------
Melee: Unarmed           |    24 |       |       |       ||    24
       Bite              |     8 |    26 |    42 |    51 ||   127
       Dagger            |    40 |   200 |   326 |   351 ||   917
       Punch             |       |     1 |     3 |     3 ||     7
 Cast: Magic Dart        |    28 |       |       |       ||    28
       Searing Ray       |    10 |    22 |    16 |     4 ||    52
       Fulminant Prism   |       |       |    17 |    36 ||    53
Invok: Lunge             |       |     5 |    18 |    20 ||    43
       Whirlwind         |       |       |     1 |    15 ||    16
       Serpent's Lash    |       |       |       |     6 ||     6
Evoke: Wand              |       |       |     3 |     2 ||     5
  Use: Scroll            |     4 |     7 |     2 |     4 ||    17
       Potion            |       |       |       |     1 ||     1
 Stab: Sleeping          |     6 |    15 |    17 |    21 ||    59
Armor: Robe              |     9 |    45 |    79 |    35 ||   168
       Troll leather arm |       |       |       |    59 ||    59
Dodge: Dodged            |    44 |    80 |   122 |   141 ||   387

Table legend: (Time is in decaauts)
 A = Elapsed time spent in this place.
 B = Non-inter-level travel time spent in this place.
 C = Inter-level travel time spent in this place.
 D = Time resting spent in this place.
 E = Time spent auto-exploring this place.
 F = Levels seen in this place.
 G = Mean time per level.
                   A        B        C        D        E       F      G
               +--------+--------+--------+--------+--------+-----+--------+
         Total |  11227 |  10825 |    402 |    272 |   8346 |  13 |  863.6 |
       Dungeon |  10856 |  10454 |    402 |    220 |   8162 |  12 |  904.7 |
       Ossuary |    370 |    370 |      0 |     52 |    184 |   1 |  370.0 |
               +--------+--------+--------+--------+--------+-----+--------+

Top non-repeatable levels by time:
     D:6: 1482 daAuts
     D:1: 1283 daAuts
     D:5: 1132 daAuts
     D:9: 1101 daAuts
     D:3: 951 daAuts
     D:8: 940 daAuts
    D:11: 813 daAuts
    D:10: 813 daAuts
     D:7: 788 daAuts
     D:2: 746 daAuts
     D:4: 719 daAuts
 Ossuary: 370 daAuts
    D:12: 82 daAuts
